 Dungeon Crawl Stone Soup version 0.31.0-11-ge490571c62 (webtiles) character file.

Game seed: 11547081173337929365

23 Skitler the Caller (level 2, -3/16 HPs)
             Began as a Deep Elf Summoner on Jan 28, 2024.
             Slain by a gnoll
             ... wielding a +1 dagger of venom
              (4 damage)
             ... on level 2 of the Dungeon.
             The game lasted 00:03:24 (959 turns).

Skitler the Caller (Deep Elf Summoner)               Turns: 959, Time: 00:03:25

Health: -3/16      AC:  2    Str:  3 (5)  XL:     2   Next: 75%
Magic:  6/8        EV: 12    Int: 16 (19) God:
Gold:   64         SH:  0    Dex: 14 (15) Spells: 6/7 levels left

rFire   . . .        l - +0 short sword (speed)
rCold   . . .        (no shield)
rNeg    . . .        a - +0 robe
rPois   +            (no helmet)
rElec   .            (no cloak)
rCorr   .            (no gloves)
SInv    .            (no boots)
Will    .....        (no amulet)
Stlth   ++           e - ring of poison resistance
HPRegen 0.22/turn    (no ring)
MPRegen 0.11/turn

%: no passive effects
@: lethally poisoned (-3 -> -10)
A: no striking features
a: no special abilities


You were on level 2 of the Dungeon.
You visited 1 branch of the dungeon, and saw 2 of its levels.

You collected 64 gold pieces.

Inventory:

Hand Weapons
 g - a +0 club
 i - a +0 dagger
 l - a +0 short sword of speed (weapon)
Armour
 a - a +0 robe (worn)
Jewellery
 e - a ring of poison resistance (left hand)
Scrolls
 d - a scroll of fog {unknown}
 f - a scroll of enchant armour {unknown}
 h - 2 scrolls of identify {unknown}
 j - a scroll of amnesia {unknown}
Potions
 b - a potion of magic
 c - a potion of haste {unknown}
 k - a potion of degeneration


   Skills:
 * Level 0.4 Fighting
 + Level 0.2 Short Blades
 + Level 2.5 Dodging
 * Level 2.5 Stealth
 * Level 3.3 Spellcasting
 * Level 4.9 Summonings


You had 6 spell levels left.
You knew the following spells:

 Your Spells              Type           Power      Damage    Failure   Level
a - Summon Small Mammal   Summ           72%        N/A       2%          1

Your spell library contained the following spells:

 Spells                   Type           Power      Damage    Failure   Level
 Call Imp                 Summ           36%        N/A       3%          2
 Call Canine Familiar     Summ           18%        N/A       7%          3
 Summon Blazeheart Golem  Fire/Summ      10%        N/A       54%         4
 Summon Lightning Spire   Summ/Air       10%        N/A       54%         4


Dungeon Overview and Level Annotations

Branches:
Dungeon (2/15)

Altars:


Message History

HP restored.
There is a stone staircase leading down here.
You now have 28 gold pieces (gained 13).
Your quokka disappears in a puff of smoke!
You now have 38 gold pieces (gained 10).
You now have 47 gold pieces (gained 9).
You now have 64 gold pieces (gained 17).
A gnoll comes into view. It is wielding a +1 dagger of venom.
A gnoll is nearby!
Found a scroll labelled SOAWUD XYEGE.
The gnoll shouts!
You hear a shout!
A ball python comes into view.
There is a stone staircase leading down here.
A jackal comes into view.
The jackal barks!
The gnoll barely misses you.
You hit the gnoll but do no damage.
The ball python hisses angrily.
You hit the gnoll but do no damage. The gnoll completely misses you.
You hit the gnoll.
The gnoll is moderately wounded.
The gnoll hits you with a +1 dagger of venom.
A frilled lizard comes into view.
The frilled lizard hisses angrily.
You hear an angry hiss.
The gnoll hits you with a +1 dagger of venom.
You are lethally poisoned!
A ball python comes into view.
A jackal comes into view.
You feel very sick.
Your quokka barely misses the jackal.
The gnoll hits you with a +1 dagger of venom.
* * * LOW HITPOINT WARNING * * *
It was a potion of degeneration.
There was something very wrong with that liquid.
You feel weakened.
You feel dopey.
You feel clumsy.
* * * LOW HITPOINT WARNING * * *
You feel sick.
The jackal bites you but does no damage.
Your quokka barely misses the jackal.
The gnoll hits you with a +1 dagger of venom.
You die...

#..†.....##....#
#####.#.##.###
###..
..#...#...†..# .
.......<....##
.............#
.............#
.............#
.#.....r.>..##
..#....h@.S.# #
###..g#b.$...#
#...#........#
..hl#.#..=......
#.. # ..........
.. ..........? .
.......####
.####


You could see a gnoll (ally target), 2 jackals, a ball python, a frilled lizard,
a friendly quokka (summoned) and a friendly bat (summoned).

Vanquished Creatures
  A bat (D:1)
  A kobold (D:2)
  A ball python (D:1)
  5 frilled lizards (D:1)
  2 rats
10 creatures vanquished.

Vanquished Creatures (collateral kills)
  A ribbon worm (D:2)
  2 ball pythons (D:1)
  A bat (D:1)
  2 endoplasms (D:1)
  2 goblins (D:1)
  A hobgoblin (D:1)
  A quokka (D:1)
10 creatures vanquished.

Grand Total: 20 creatures vanquished

Notes
Turn   | Place    | Note
-------+----------+-------------------------------------------
     0 | D:1      | Skitler the Deep Elf Summoner began the quest for the Orb.
     0 | D:1      | Reached XP level 1. HP: 10/10 MP: 6/6
   230 | D:1      | Reached XP level 2. HP: 15/15 MP: 8/8
   797 | D:1      | Found a faded altar of an unknown god.
   797 | D:1      | Noticed a smoke demon
   959 | D:2      | Slain by a gnoll

Illustrated notes

Levels and vault maps discovered:
D:1:      minmay_arrival_stone_box, layout_loops_corners,
          dreamdust_ecumenical_altar_sealed_demon
D:2:      minmay_evil_eye, layout_rooms, dreamdust_wishing_well

Action                     || total
---------------------------++-------
  Melee: Unarmed           ||    12
         Dagger            ||    17
         Club              ||    12
         Short sword       ||     9
         Punch             ||     1
   Cast: Summon Small Mamm ||    14
    Use: Potion            ||     1
   Stab: Sleeping          ||     5
 Armour: Robe              ||    29
  Dodge: Dodged            ||    41
